Map: Habitation Station LE (Void)

Players

Chammy (Cham) - Winner!

  • Race: Zerg Zerg
  • League: Grandmaster
  • Spawn Location: 1:00

MillMlorD (MarineLorD)

  • Race: Terran Terran
  • Spawn Location: 11:00

Event: NationWars IV

VOD

Have the link to the VOD?

Description

Time

  • Played on: Jan. 5, 2017, 1:13 p.m.
  • Length: 6:32
Show
View Real Time Build Order
Export as new Build Order

Chammy Zerg - Winner!

Build Orders: Hatch First 

Get SALT Encoding   

  12  0:00  Drone  
  13  0:08  Drone  
  14  0:17  Overlord  
  14  0:35  Drone x3  
  17  0:52  Hatchery  
  17  0:55  Drone  
  17  0:58  Drone  
  18  1:06  Extractor  
  17  1:12  Spawning Pool  
  17  1:15  Drone  
  17  1:19  Drone  
  18  1:32  Drone  
  19  1:43  Overlord  
  19  1:59  Queen  
  19  2:00  Zergling x2  
  22  2:01  Zergling x2  
  22  2:05  Queen  
  22  2:06  Zergling x2  
  22  2:08  Metabolic Boost  
  26  2:16  Drone x2  
  28  2:22  Overlord  
  28  2:26  Drone  
  29  2:36  Drone  
  30  2:37  Queen  
  30  2:39  Drone  
  33  2:44  Drone  
  33  2:48  Drone  
  35  2:56  Overlord  
  35  2:57  Drone  
  36  3:06  Overlord  
  36  3:09  Drone  
  36  3:10  Drone  
  36  3:11  Drone  
  36  3:12  Drone  
  40  3:17  Drone x3  
  43  3:20  Roach Warren  
  43  3:21  Drone  
  43  3:32  Hatchery  
  42  3:38  Zergling x4  
  42  3:39  Drone  
  42  3:40  Overlord  
  42  3:41  Extractor  
  43  3:46  Drone x3  
  43  3:48  Drone  
  47  3:51  Drone x2  
  47  3:54  Overlord  
  49  4:01  Roach x2  
  53  4:10  Roach x2  
  53  4:15  Overlord  
  61  4:17  Roach x3  
  61  4:21  Roach  
  65  4:27  Roach x3  
  71  4:33  Overlord  
  71  4:35  Zergling x2  
  72  4:43  Zergling x2  
  72  4:45  Zergling x4  
  75  4:48  Overlord  
  75  4:49  Zergling x4  
  77  4:54  Zergling x2  
  77  4:58  Ravager x2  
  77  4:59  Zergling x4  
  82  5:01  Ravager  
  82  5:05  Zergling x4  
  82  5:06  Overlord  
  82  5:07  Zergling x4  
  87  5:15  Ravager  
  87  5:17  Zergling x6  
  87  5:20  Zergling x2  
  90  5:30  Zergling x2  
  90  5:34  Roach x2  
  90  5:35  Zergling x4  
  83  5:36  Zergling x2  
  83  5:38  Zergling x4  
  80  5:43  Zergling x4  
  80  5:44  Zergling x4  
  80  5:45  Zergling x2  
  80  5:46  Ravager  
  80  5:47  Zergling x2  
  87  5:52  Zergling x2  
  87  5:53  Zergling x2  
  87  5:54  Ravager  
  87  5:55  Zergling x2  
  91  6:00  Zergling x2  
  91  6:02  Zergling x2  
  93  6:06  Ravager  
  93  6:07  Zergling x2  
  95  6:12  Zergling x4  
  95  6:13  Zergling x2  
Show
View Real Time Build Order
Export as new Build Order

MillMlorD Terran 

Build Orders: Reaper Expand 

Get SALT Encoding   

  12  0:00  SCV  
  13  0:13  SCV  
  14  0:17  Supply Depot  
  14  0:25  SCV  
  15  0:39  Barracks, SCV  
  16  0:46  Refinery  
  16  0:51  SCV  
  17  1:03  SCV  
  18  1:15  SCV  
  19  1:27  Orbital Command  
  19  1:29  Reaper  
  20  1:39  Command Center  
  20  1:53  SCV  
  21  1:55  Supply Depot  
  21  2:00  Marine  
  22  2:05  SCV  
  23  2:12  Factory  
  23  2:17  SCV  
  24  2:23  Barracks Reactor  
  24  2:29  SCV  
  25  2:38  Command Center  
  25  2:41  SCV  
  26  2:53  Orbital Command, SCV  
  27  3:04  Hellion  
  27  3:05  Hellion, Barracks Tech Lab  
  31  3:06  SCV  
  32  3:19  SCV  
  33  3:21  SCV  
  33  3:26  Hellion x2, Stimpack  
  38  3:28  Marauder  
  38  3:31  SCV  
  41  3:40  SCV  
  42  3:43  SCV  
  42  3:47  Supply Depot  
  43  3:53  Orbital Command  
  43  3:54  Barracks  
  43  3:55  Factory Reactor  
  43  3:57  Barracks, SCV x2  
  43  4:00  Marine  
  46  4:09  SCV  
  48  4:10  SCV  
  48  4:13  Refinery  
  48  4:17  Supply Depot  
  48  4:21  SCV x2  
  48  4:22  SCV  
  51  4:28  Engineering Bay  
  51  4:30  Engineering Bay  
  51  4:33  SCV x2  
  51  4:34  SCV  
  51  4:36  Marine  
  55  4:41  Starport  
  55  4:42  Factory Reactor  
  55  4:45  SCV  
  56  4:46  SCV  
  56  4:47  Supply Depot  
  56  4:48  Refinery  
  56  4:49  Marine x2, Refinery  
  56  4:50  Marine  
  60  4:53  Marine  
  60  4:56  Bunker  
  60  4:58  Marine  
  62  5:07  Marine x2, Bunker  
  62  5:08  Marine  
  62  5:10  SCV x2  
  62  5:11  Marine  
  68  5:16  Marine  
  68  5:19  SCV  
  70  5:22  SCV  
  70  5:24  SCV  
  70  5:25  Marine x2  
  70  5:26  Marine  
  73  5:28  Marine  
  73  5:34  Marine, SCV  
  59  5:42  Marine  
  59  5:43  Marine  
  59  5:44  Marine  
  59  5:46  Hellion  
  59  5:47  Hellion  
  59  5:48  Medivac  
  69  5:51  Marine  
  70  5:58  Marine, Supply Depot x2  
  69  6:08  Supply Depot  
  69  6:12  Marine x3  
Tags
 
Add a new tag
Caveats
  • Supply blocks, unpowered buildings, or Contaminate may cause inaccurate times.
  • Supply counts are checked every 10 seconds.